 Dungeon Crawl Stone Soup version 0.20.2-3-g29329e0561 (webtiles) character file.

562 Alfie the Covered (level 7, 0/61 HPs)
             Began as a Hill Orc Fighter on Sept 9, 2022.
             Slain by a gnoll
             ... wielding a +0 spear
              (6 damage)
             ... on level 5 of the Dungeon.
             The game lasted 00:11:26 (3764 turns).

Alfie the Covered (Hill Orc Fighter)                Turns: 3764, Time: 00:11:26

Health: 0/61       AC:  9    Str: 21    XL:     7   Next: 31%
Magic:  7/7        EV:  8    Int:  8    God:
Gold:   284        SH:  9    Dex: 10    Spells: 6/6 levels left

rFire    . . .     SeeInvis +   a - +0 rapier
rCold    . . .     Gourm    .   c - +0 shield
rNeg     + + .     Faith    .   b - +0 scale mail
rPois    .         Spirit   .   (no helmet)
rElec    .         Reflect  .   u - +0 cloak
rCorr    .         Harm     .   (no gloves)
MR       .....                  e - +1 pair of boots {run}
Stlth    ..........             (no amulet)
Regen    0.2/turn               v - ring of Koweadai {rN++ AC-2}
MPRegen  0.1/turn               w - ring of see invisible

@: quick
A: no striking features
a: no special abilities


You were on level 5 of the Dungeon.
You were not hungry.

You visited 1 branch of the dungeon, and saw 5 of its levels.

You collected 284 gold pieces.

Inventory:

Hand Weapons
 a - a +0 rapier (weapon)
Armour
 b - a +0 scale mail (worn)
 c - a +0 shield (worn)
 e - a +1 pair of boots of running (worn)
 u - a +0 cloak (worn)
Jewellery
 g - an uncursed amulet of rage
 v - the ring of Koweadai (left hand) {rN++ AC-2}
   (You found it on level 4 of the Dungeon)

   [ring of protection]

   It affects your AC (-2).
   It greatly protects you from negative energy.
 w - a ring of see invisible (right hand)
Wands
 l - a wand of flame (18/48)
 r - a wand of iceblast (4/15)
Scrolls
 i - a scroll of identify
 m - 5 scrolls of remove curse
 o - a scroll of teleportation
Potions
 d - a potion of might
 h - a potion of curing
 j - 2 potions of resistance {unknown}
 n - 2 potions of heal wounds {unknown}
 p - 2 potions of degeneration {unknown}
 q - a potion of mutation {unknown}
 s - a potion of agility {unknown}
Comestibles
 f - a bread ration
 k - a meat ration
 t - a fruit


   Skills:
 + Level 5.1 Fighting
 + Level 4.6 Short Blades
 + Level 5.5 Armour
 + Level 1.5 Dodging
 + Level 0.1 Stealth
 + Level 4.3 Shields


You had 6 spell levels left.
You didn't know any spells.

Dungeon Overview and Level Annotations

Branches:
Dungeon (5/15)             Temple (0/1) D:4

Altars:
Gozag
Vehumet
Xom
Zin


Message History

* * * LOW HITPOINT WARNING * * *
You hit the gnoll.
The gnoll is heavily wounded.
You block the gnoll's attack.
You puncture the gnoll!
You kill the gnoll!
You block the gnoll's attack.
You puncture the gnoll!
You kill the gnoll!
You block the gnoll's attack.
The worker ant zombie closely misses you.
The gnoll closely misses you.
Things that are here:
a flail; a gnoll corpse x2
You block the gnoll's attack.
You barely miss the worker ant zombie.
The worker ant zombie is heavily damaged.
You block the worker ant zombie's attack.
The gnoll hits you from afar with a spear.
You die...

......#
#............#
......#
#............#
###(..#
#..(####.....#
####
##...####.....#
#.............#
#.............# .
#......)......# .
+.............# #
#.##@####.....#
###.##Z####.....#
#......g.'......#
#........#......#
#........#......#
#........#......#
#........#..Z...#
########<####...#
#.#########...#


You could see a gnoll and a worker ant zombie.

Vanquished Creatures
  A phantom (D:5)
  A howler monkey (D:4)
  2 crimson imps (D:5)
  4 hounds (D:4)
  2 worker ants (D:4)
  3 adders
  7 gnolls
  An adder skeleton (D:4)
  2 worms (D:3)
  A dart slug (D:1)
  A leopard gecko (D:5)
  5 orcs
  9 giant cockroaches
  6 goblins
  5 hobgoblins
  13 jackals
  3 quokkas
  4 ball pythons
  7 bats
  2 frilled lizards
  A jackal skeleton (D:4)
  6 kobolds
  A quokka skeleton (D:4)
  10 rats
97 creatures vanquished.

Notes
Turn   | Place    | Note
-------+----------+-------------------------------------------
     0 | D:1      | Alfie the Hill Orc Fighter began the quest for the Orb.
     0 | D:1      | Reached XP level 1. HP: 19/19 MP: 1/1
     8 | D:1      | Identified a +1 pair of boots of running (You found it on level 1 of the Dungeon)
   175 | D:1      | Reached XP level 2. HP: 24/27 MP: 2/2
   313 | D:1      | Reached XP level 3. HP: 31/33 MP: 3/3
  1561 | D:3      | Reached XP level 4. HP: 34/40 MP: 4/4
  1775 | D:3      | Found a glowing silver altar of Zin.
  1775 | D:3      | Found an opulent altar of Gozag.
  2501 | D:4      | Reached XP level 5. HP: 33/47 MP: 5/5
  2705 | D:4      | Reached skill level 1 in Dodging
  2755 | D:4      | Reached XP level 6. HP: 27/53 MP: 6/6
  2903 | D:4      | Found a radiant altar of Vehumet.
  2921 | D:4      | Reached skill level 5 in Armour
  2973 | D:4      | Found a staircase to the Ecumenical Temple.
  3292 | D:4      | Got a flickering lead ring
  3298 | D:4      | Identified the cursed ring of Koweadai {rN++ AC-2} (You found it on level 4 of the Dungeon)
  3526 | D:5      | Entered Level 5 of the Dungeon
  3563 | D:5      | Noticed a phantom
  3679 | D:5      | Killed a phantom
  3679 | D:5      | Reached XP level 7. HP: 29/60 MP: 7/7
  3722 | D:5      | Found a shimmering altar of Xom.
  3732 | D:5      | Reached skill level 5 in Fighting
  3764 | D:5      | Slain by a gnoll

Skill      XL: |  1  2  3  4  5  6  7 |
---------------+----------------------+-----
Fighting       | 4 5 |  5.1
Armour         | 4 5 |  5.5
Short Blades   | 3 4 |  4.6
Dodging        | 1 |  1.5
Shields        | 4 |  4.3
Stealth        | |  0.1

Action                   |  1- 3 |  4- 6 |  7- 9 || total
-------------------------+-------+-------+-------++-------
Melee: Rapier            |   119 |   263 |    21 ||   403
  Use: Scroll            |     2 |     9 |     2 ||    13
       Potion            |       |     3 |       ||     3
  Eat: Meat ration       |     1 |       |       ||     1
       Royal jelly       |       |     1 |       ||     1
       Fruit             |       |     1 |       ||     1
       Bread ration      |       |       |     1 ||     1
Armor: Scale mail        |    60 |    94 |    17 ||   171
Dodge: Dodged            |    49 |   100 |    11 ||   160
Block: Shield            |    56 |   131 |    23 ||   210
